 Dungeon Crawl Stone Soup version 0.23-a0-639-ga9a3373214 (webtiles) character file.

54265 LLavrengius the Unseen (level 14, -1/121 HPs)
             Began as a Vampire Enchanter on Dec 29, 2018.
             Was the Champion of Dithmenos.
             Slain by an alligator skeleton (16 damage)
             ... in a volcano.
             The game lasted 02:22:49 (26008 turns).

LLavrengius the Unseen (Vampire Enchanter)         Turns: 26008, Time: 02:22:51

Health: -1/121     AC: 17    Str:  8    XL:     14   Next: 33%
Magic:  29/29      EV: 17    Int: 22    God:    Dithmenos [******]
Gold:   269        SH:  6    Dex: 22    Spells: 4/21 levels left

rFire    + + .     SeeInvis +   c - +3 short sword
rCold    . . .     Gourm    .   C - +0 buckler
rNeg     + + .     Faith    .   J - +0 fire dragon scales
rPois    +         Spirit   .   B - +1 helmet {Int+3}
rElec    .         Reflect  .   f - +0 cloak
rCorr    .         Harm     .   w - +2 pair of gloves
MR       ++...     Clarity  +   I - +2 pair of boots {run}
Stlth    ++++++++++             b - amulet of magic regeneration
HPRegen  0.15/turn              k - ring of protection from magic
MPRegen  0.46/turn              G - ring of magical power

@: agile, confusing touch, regenerating slowly, wreathed by umbra, quick
A: claws 1, fangs 3, talons 1, see invisible, clarity, sense surroundings 1,
unbreathing
a: Bat Form, Shadow Step, Shadow Form, Renounce Religion


You were in a volcano.
You worshipped Dithmenos.
Dithmenos was exalted by your worship.
You were near bloodless.

You visited 4 branches of the dungeon, and saw 21 of its levels.
You also visited: Volcano.

You collected 2038 gold pieces.
You spent 1769 gold pieces at shops.

Inventory:

Hand Weapons
 c - a +3 short sword (weapon)
 N - a +3 scimitar of draining
 P - a +1 short sword of freezing
 S - a +1 dagger of venom
 W - a +0 rapier
Missiles
 i - 11 javelins (quivered)
 K - 2 throwing nets
Armour
 f - a +0 cloak (worn)
 o - a +2 robe of magic resistance
 w - a +2 pair of gloves (worn)
 B - a +1 helmet of intelligence (worn)
 C - a +0 buckler (worn)
 I - a +2 pair of boots of running (worn)
 J - +0 fire dragon scales (worn)
Jewellery
 b - an amulet of magic regeneration (around neck)
 k - a ring of protection from magic (left hand)
 t - the macabre finger necklace {rN+}
   (You found it on level 4 of the Dungeon)

   [amulet of nothing]

   It protects you from negative energy.
 z - the ring of Xom's Malicious Joy {rCorr *Slow rF+ Str+2 Int+4 Slay+2}
   (You found it on level 6 of the Dungeon)

   [ring of resist corrosion]

   It affects your strength (+2).
   It affects your intelligence (+4).
   It affects your accuracy and damage with ranged weapons and melee attacks
   (+2).
   It protects you from fire.
   It may slow you when you take damage.
 G - a ring of magical power (right hand)
Wands
 E - a wand of paralysis (14)
 O - a wand of flame (36)
 Q - a wand of digging (10)
 Y - a wand of disintegration (40)
 Z - a wand of polymorph (21)
Scrolls
 e - 2 scrolls of magic mapping
 j - 2 scrolls of brand weapon {unknown}
 l - 6 scrolls of amnesia
 n - 7 scrolls of teleportation
 v - a scroll of enchant armour {unknown}
 D - 6 scrolls of enchant weapon
 H - 2 scrolls of remove curse
 L - 2 scrolls of fog
 M - a scroll of blinking {unknown}
 U - a scroll of holy word {unknown}
 V - 2 scrolls of identify
Potions
 a - 4 potions of might
 d - 35 potions of blood
 g - 5 potions of flight
 h - a potion of invisibility
 m - 2 potions of mutation
 p - 5 potions of curing
 q - 6 potions of haste
 r - 2 potions of brilliance
 s - 2 potions of resistance
 u - 2 potions of cancellation
 x - 3 potions of ambrosia
 A - 5 potions of magic
 F - 3 potions of agility
 T - a potion of heal wounds
Miscellaneous
 y - a phial of floods
 X - a lamp of fire (inert)


   Skills:
 + Level 14.8 Fighting
 + Level 10.1 Short Blades
 + Level 11.7 Dodging
 - Level 15.0 Stealth
 - Level 4.0 Shields
 - Level 4.0 Spellcasting
 - Level 14.0 Hexes
 - Level 5.0 Transmutations
 - Level 4.0 Ice Magic
 + Level 1.3 Invocations


You had 4 spell levels left.
You knew the following spells:

 Your Spells              Type           Power        Failure   Level  Hunger
a - Tukima's Dance        Hex            ######..     1%          3    ###....
b - Ensorcelled Hibernat  Hex/Ice        #####.       7%          2    #......
c - Confuse               Hex            ######..     1%          3    ###....
d - Dazzling Spray        Conj/Hex       #####.       32%         3    ###....
e - Yara's Violent Unrav  Hex/Tmut       #####.....   71%         5    ######.
f - Confusing Touch       Hex            ######       1%          1    None

Your spell library contained the following spells:

 Spells                   Type           Power        Failure   Level  Hunger
 Corona                   Hex            ######.      1%          1    None
 Passwall                 Tmut/Erth      ###.....     71%         2    #......
 Animate Skeleton         Necr           N/A          88%         1    None
 Apportation              Tloc           #.....       88%         1    None
 Sandblast                Erth           #.....       88%         1    None
 Sting                    Conj/Pois      #...         88%         1    None
 Summon Small Mammal      Summ           #...         88%         1    None
 Corpse Rot               Necr           N/A          96%         2    #......
 Poisonous Vapours        Pois/Air       #.....       96%         2    #......
 Sublimation of Blood     Necr           #.........   96%         2    #......
 Gell's Gravitas          Tloc           #.........   99%         3    ###....
 Mephitic Cloud           Conj/Pois/Air  #.......     99%         3    ###....
 Static Discharge         Conj/Air       #.......     99%         3    ###....
 Stone Arrow              Conj/Erth      #.....       99%         3    ###....
 Olgreb's Toxic Radiance  Pois           #.......     100%        4    ####...
 Petrify                  Tmut/Erth      ###.....     100%        4    ####...
 Metabolic Englaciation   Hex/Ice        #####.....   78%         5    ######.
 Agony                    Necr           #.......     100%        5    ######.
 Bolt of Draining         Conj/Necr      #.........   100%        5    ######.
 Dispel Undead            Necr           #.......     100%        5    ######.
 Excruciating Wounds      Chrm/Necr      #.........   100%        5    ######.
 Lee's Rapid Deconstruct  Erth           #.........   100%        5    ######.
 Lightning Bolt           Conj/Air       #.........   100%        5    ######.
 Venom Bolt               Conj/Pois      #.........   100%        5    ######.
 Bolt of Cold             Conj/Ice       ##........   100%        6    #######
 Statue Form              Tmut/Erth      ###......    100%        6    #######
 Ignition                 Fire           #.........   100%        8    #######
 Shatter                  Erth           #.........   100%        9    #######
 Tornado                  Air            #.........   100%        9    #######


Dungeon Overview and Level Annotations

Branches:
Dungeon (12/15)            Temple (1/1) D:7            Lair (6/6) D:10
 Shoals (0/4) Lair:2        Snake (0/4) Lair:2        Slime (0/5) Lair:5
    Orc (2/2) D:9             Elf (0/3) Orc:2

Altars:
Ashenzari
Cheibriados
Dithmenos
Elyvilon
Fedhas
Gozag
Hepliaklqana
Kikubaaqudgha
Makhleb
Nemelex Xobeh
Okawaru
Qazlal
Ru
Sif Muna
Trog
Uskayaw
Vehumet
Wu Jian
Xom
Yredelemnul
Zin
The Shining One
Jiyva

Shops:
D:4 ?   D:5 [   Orc:2 [

Annotations:
D:12 Erolcha
Lair:5 2 transporters, Tanyipysto's ghost, journeyman HOFi
Lair:6 exclusion: 2 oklob plants


Innate Abilities, Weirdness & Mutations

You heal slowly.
You have razor-sharp teeth.
You have supernaturally acute eyesight. (SInv)
You can survive without breathing.
You have sharp fingernails.
You have sharp toenails.
You possess an exceptional clarity of mind.
You passively map a small area around you.


Message History

The alligator skeleton is heavily damaged.
Your shadow hits the alligator skeleton but does no damage.
The alligator skeleton bites you.
* * * LOW HITPOINT WARNING * * *
You block the alligator skeleton's attack.
You feel much better. The alligator skeleton bites you!
* * * LOW HITPOINT WARNING * * *
The alligator skeleton barely misses you.
You hit the alligator skeleton but do no damage.
The alligator skeleton is heavily damaged.
Your shadow hits the alligator skeleton with a short sword.
The alligator skeleton seems less confused.
Unknown command.
You hit the alligator skeleton but do no damage.
The alligator skeleton is severely damaged.
Your shadow hits the alligator skeleton but does no damage.
The alligator skeleton bites you but does no damage.
The alligator skeleton tail-slaps you but does no damage.
The alligator skeleton bites you!
You die...

* , ## ####### .#####
#..⌠..# *
.....##########.....+
....≈+...8....'.....#
≈....+........'Z@Z..+
* *
§...≈+...8....'..)..#
§..#.##########.....#
§§.###* #..⌠..# §≈##
*, * +#####+# ≈## ,
**, * # , ≈ , , * *


You could see 2 alligator skeletons.

Vanquished Creatures
  Frances (D:12)
  Snorg (D:10)
  Josephine (Lair:6)
  An ice dragon (Lair:6)
  4 hydras
  A two-headed ogre (D:11)
  5 death yaks
  A hell knight (D:10)
  2 lindwurms (Lair:6)
  2 manticores
  Joseph (D:8)
  9 elephants (Lair:6)
  6 torpor snails
  7 black mambas
  Maurice (Orc:2)
  5 spiny frogs
  2 gargoyles (Volcano)
  4 komodo dragons
  2 rime drakes (Lair:6)
  2 trolls
  A polar bear (Lair:3)
  19 blink frogs
  9 dream sheep
  8 hornets
  12 slime creatures
  3 tyrant leeches (Lair:6)
  6 hippogriffs
  Sigmund (D:3)
  A vampire (D:12)
  A water elemental (D:10)
  3 wraiths (Lair:6)
  2 wyverns
  2 basilisks
  31 yaks
  A warg (Orc:2)
  3 hell hounds (D:10)
  A soldier ant (D:12)
  16 water moccasins
  8 porcupines
  A swamp drake (D:9)
  4 sky beasts
  9 ogres
  3 ice beasts
  A black bear (D:7)
  15 orc warriors
  2 phantoms
  2 hornet zombies
  13 wolves
  2 eyes of draining (D:11)
  4 centaurs
  8 crocodiles
  2 big kobolds
  12 bullfrogs
  2 gnoll sergeants (D:6)
  4 scorpions
  3 killer bees (D:8)
  3 wights (D:11)
  An electric eel (D:11)
  2 howler monkeys (D:7)
  7 crimson imps
  3 centaur zombies
  A bullfrog zombie (D:11)
  2 quasits
  7 hounds
  20 orc priests
  2 jellies
  2 bullfrog skeletons
  6 centaur skeletons
  6 iguanas
  19 orc wizards
  9 worker ants
  A hound zombie (D:6)
  2 hound skeletons
  13 gnolls
  22 adders
  3 shadow imps
  4 oozes
  An adder skeleton (D:6)
  An adder zombie (D:6)
  2 dart slugs (D:1)
  3 leopard geckos
  72 orcs
  3 ball pythons
  4 giant cockroaches
  5 goblins
  7 hobgoblins
  16 jackals
  5 quokkas
  12 bats
  6 frilled lizards
  7 kobolds
  3 quokka skeletons
  9 rats
  3 plants (Lair:6)
567 creatures vanquished.

Vanquished Creatures (others)
  4 fungi
  8 plants
12 creatures vanquished.

Grand Total: 579 creatures vanquished

Notes
Turn   | Place    | Note
-------+----------+-------------------------------------------
     0 | D:1      | LLavrengius the Vampire Enchanter began the quest for the
                  | Orb.
     0 | D:1      | Reached XP level 1. HP: 13/13 MP: 3/3
   399 | D:1      | Reached skill level 5 in Stealth
   399 | D:1      | Reached XP level 2. HP: 15/19 MP: 5/5
   403 | D:1      | Learned a level 2 spell: Ensorcelled Hibernation
   515 | D:1      | Reached skill level 5 in Hexes
  1223 | D:1      | Reached XP level 3. HP: 24/24 MP: 6/6
  1826 | D:2      | Reached skill level 6 in Stealth
  1826 | D:2      | Reached XP level 4. HP: 31/31 MP: 4/7
  1831 | D:2      | Learned a level 3 spell: Confuse
  1945 | D:2      | Reached skill level 1 in Fighting
  2356 | D:3      | Reached XP level 5. HP: 23/37 MP: 8/8
  2528 | D:3      | Gained mutation: You have sharp toenails. [potion of
                  | mutation]
  2528 | D:3      | Gained mutation: You passively map a small area around you.
                  | [potion of mutation]
  2528 | D:3      | Gained mutation: You possess an exceptional clarity of
                  | mind. [potion of mutation]
  2528 | D:3      | Gained mutation: You have sharp fingernails. [potion of
                  | mutation]
  3004 | D:3      | Noticed Sigmund
  3015 | D:3      | Killed Sigmund
  3015 | D:3      | Reached skill level 7 in Stealth
  3015 | D:3      | Reached XP level 6. HP: 44/44 MP: 5/9
  3988 | D:4      | Found Iheluat's Magic Scroll Boutique.
  3991 | D:4      | Bought a scroll of magic mapping for 45 gold pieces
  4062 | D:4      | Found the macabre finger necklace {rN+}
  5249 | D:4      | Reached XP level 7. HP: 51/51 MP: 10/10
  5443 | D:5      | Entered Level 5 of the Dungeon
  5706 | D:5      | Found Eminies's Armour Shoppe.
  5733 | D:5      | Reached skill level 8 in Stealth
  6607 | D:5      | Found a glowing silver altar of Zin.
  6847 | D:5      | Found a glowing golden altar of the Shining One.
  6896 | D:5      | Reached XP level 8. HP: 60/60 MP: 8/11
  6953 | D:5      | Reached skill level 5 in Short Blades
  7637 | D:6      | Got a glittering wooden ring
  7686 | D:6      | Reached skill level 5 in Fighting
  7764 | D:6      | Identified the ring of Xom's Malicious Joy {rCorr *Slow rF+
                  | Str+2 Int+4 Slay+2} (You found it on level 6 of the
                  | Dungeon)
  8230 | D:6      | Learned a level 3 spell: Tukima's Dance
  8234 | D:6      | Learned a level 3 spell: Dazzling Spray
  8491 | D:6      | Reached skill level 10 in Hexes
  8868 | D:7      | Reached XP level 9. HP: 54/69 MP: 9/12
  9422 | D:7      | Found a shattered altar of Ashenzari.
  9423 | D:7      | Found a hazy altar of Hepliaklqana.
  9425 | D:7      | Found an iron altar of Okawaru.
  9614 | D:7      | Reached skill level 1 in Shields
  9775 | D:7      | Found a staircase to the Ecumenical Temple.
  9789 | Temple   | Entered the Ecumenical Temple
  9973 | Temple   | Became a worshipper of Dithmenos the Shadowed
 10015 | D:7      | Found an opulent altar of Gozag.
 10016 | D:7      | Found a sparkling altar of Nemelex Xobeh.
 10088 | D:7      | Found a hide-covered altar of Uskayaw.
 10174 | D:7      | Found a glowing golden altar of the Shining One.
 11061 | D:8      | Found an iron altar of Okawaru.
 11063 | D:8      | Found a shimmering altar of Xom.
 11063 | D:8      | Found an iron altar of Okawaru.
 11098 | D:8      | Reached * piety under Dithmenos
 11122 | D:8      | Noticed Joseph
 11227 | D:8      | Found an ornate altar of the Wu Jian Council.
 11911 | D:8      | You fall through a shaft!
 12499 | D:8      | Found a shimmering altar of Xom.
 12499 | D:8      | Found a hide-covered altar of Uskayaw.
 12499 | D:8      | Found an ancient bone altar of Kikubaaqudgha.
 12533 | D:8      | Killed Joseph
 12533 | D:8      | Reached XP level 10. HP: 82/82 MP: 13/13
 12536 | D:8      | Got a smoking ring mail
 13026 | D:9      | Reached ** piety under Dithmenos
 13150 | D:9      | Found a staircase to the Orcish Mines.
 13445 | D:10     | Entered Level 10 of the Dungeon
 13577 | D:10     | Found a staircase to the Lair.
 13762 | D:10     | Reached skill level 9 in Stealth
 13957 | D:10     | Reached *** piety under Dithmenos
 13957 | D:10     | Reached skill level 10 in Fighting
 13982 | D:10     | Noticed Snorg
 14001 | D:10     | Killed Snorg
 14001 | D:10     | Reached XP level 11. HP: 10/91 MP: 14/14
 14945 | D:10     | Reached skill level 10 in Stealth
 15191 | D:10     | Noticed a hell knight
 15197 | D:10     | Killed a hell knight
 16050 | D:11     | Noticed a five-headed hydra
 16054 | D:11     | Killed a five-headed hydra
 16107 | D:11     | Identified the +1 ring mail of Experimentation {*Corrode
                  | rPois Str+9 SInv} (You found it on level 8 of the Dungeon)
 16124 | D:11     | Reached skill level 10 in Short Blades
 16211 | D:11     | Reached skill level 11 in Stealth
 16286 | D:11     | Found the +7 Kryia's mail coat {PotionHeal*2 rC+}
 16393 | D:11     | Noticed a two-headed ogre
 16400 | D:11     | Killed a two-headed ogre
 16588 | D:11     | Reached **** piety under Dithmenos
 16918 | D:11     | Reached skill level 5 in Dodging
 17270 | D:12     | Noticed Frances
 17285 | D:12     | Killed Frances
 17285 | D:12     | Reached XP level 12. HP: 37/103 MP: 9/15
 17787 | D:12     | Reached skill level 1 in Ice Magic
 17949 | D:12     | Noticed a six-headed hydra
 17956 | D:12     | Killed a six-headed hydra
 18042 | D:12     | Noticed Erolcha
 18119 | Lair:1   | Entered Level 1 of the Lair of Beasts
 18175 | Lair:1   | Found a blossoming altar of Fedhas.
 18380 | Lair:1   | Reached skill level 12 in Stealth
 19179 | Lair:2   | Found a staircase to the Snake Pit.
 19203 | Lair:2   | Reached ***** piety under Dithmenos
 19550 | Lair:2   | Found a staircase to the Shoals.
 19717 | Lair:2   | Reached skill level 13 in Stealth
 19977 | Lair:3   | Noticed an eight-headed hydra
 20422 | Lair:2   | Learned a level 5 spell: Yara's Violent Unravelling
 20490 | Lair:2   | Killed an eight-headed hydra
 20490 | Lair:2   | Reached XP level 13. HP: 112/112 MP: 17/17
 20544 | Lair:3   | Reached skill level 1 in Transmutations
 20607 | Lair:3   | Identified the Almanac of Mutagenic Conjuration
 20865 | Lair:2   | Learned a level 1 spell: Confusing Touch
 22297 | Lair:4   | Identified the +2 robe "Jidukuv" {Str+2} (You found it on
                  | level 4 of the Lair of Beasts)
 22611 | Lair:5   | Found a staircase to the Slime Pits.
 22611 | Lair:5   | Found a viscous altar of Jiyva.
 22688 | Lair:5   | Noticed Tanyipysto's ghost (journeyman HOFi)
 22730 | Lair:5   | Reached skill level 14 in Stealth
 22781 | Lair:5   | Found a transporter.
 22789 | Lair:5   | Found a transporter.
 22804 | Lair:5   | Reached skill level 10 in Dodging
 23476 | Lair:6   | Entered Level 6 of the Lair of Beasts
 23688 | Lair:6   | Reached skill level 5 in Transmutations
 23882 | Lair:6   | Noticed Josephine
 23900 | Lair:6   | Killed Josephine
 23918 | Lair:6   | Reached skill level 15 in Stealth
 24015 | Lair:6   | Reached XP level 14. HP: 121/121 MP: 20/20
 24631 | Lair:6   | Found a runed door.
 24850 | Lair:6   | Reached ****** piety under Dithmenos
 25365 | Orc:1    | Entered Level 1 of the Orcish Mines
 25709 | Orc:2    | Entered Level 2 of the Orcish Mines
 25716 | Orc:2    | Noticed Maurice
 25729 | Orc:2    | Killed Maurice
 25729 | Orc:2    | Reached skill level 1 in Invocations
 25801 | Orc:2    | Found Qiamicw's Antique Armour Emporium.
 25813 | Orc:2    | Bought a runed helmet for 172 gold pieces
 25813 | Orc:2    | Bought a pair of glowing boots for 172 gold pieces
 25836 | Orc:2    | Identified a +2 pair of boots of running (You bought it in
                  | a shop on level 2 of the Orcish Mines)
 25838 | Orc:2    | Bought fire dragon scales for 1380 gold pieces
 25907 | Orc:2    | Found a dark tunnel.
 25912 | Volcano  | Entered a volcano
 26005 | Volcano  | HP: 5/121 [alligator skeleton (6)]
 26008 | Volcano  | Slain by an alligator skeleton

Vault maps used:
D:1:      minmay_arrival_checkered_box
D:2:      first_ration
D:3:      corexii_corridor_pit, fountainhead, minmay_misc_feat_more_columns,
          uniq_sigmund
D:4:      serial_shops, shop, kennysheep_generic_room_13
D:5:      zin_academy, nicolae_overflow_hidden_temple, serial_shops, shop
D:6:      minmay_manual_moon
D:7:      grunt_temple_overflow_opulence, overflow_temple_1_default,
          chequers_temple_overflow_statue_of_worship,
          minmay_temple_entry_statues_fountains, tso_metal_star
D:8:      doesnt_xom_only_xom, kennysheep_little_box, uniq_joseph
D:9:      erik_orc_1
D:10:     minmay_lair_entry_grove, minmay_rotating_lava, uniq_snorg
D:11:     hangedman_pestilent_swarm, serial_bayou_lagoon_a,
          nicolae_straight_to_the_point
D:12:     uniq_frances, uniq_erolcha, uniq_kirke
Temple:   minmay_temple_bridge_abc
Lair:1:   basic_altar, serial_bayou_shore_b
Lair:2:   elwin_shoals_entry_rocks, minmay_snake_entry_six_corridors
Lair:3:   chequers_serial_rivers_micro_d
Lair:4:   infiniplex_staircase_pool_2
Lair:5:   slime_altar_1, gammafunk_ghost_hive, minivault_27,
          guppyfry_lair_drakes
Lair:6:   wormcave, minmay_lair_oklob_chamber, lemuel_fruit_fields,
          uniq_josephine
Orc:1:    basic_altar, uniq_nergalle, uniq_sonja
Orc:2:    st_orc_elflike, serial_shops, shop, nicolae_volcano_entry_s_turn,
          uniq_maurice
Volcano:  volcano_tomb

Skill      XL: |  1  2  3  4  5  6  7  8  9 10 11 12 13 14 |
---------------+-------------------------------------------+-----
Stealth        | 5 6 7 8 9 11 13 15 | 15.0
Hexes          | 5 6 7 8 10 11 13 14 | 14.0
Fighting       | 1 2 3 6 8 10 12 13 14 | 14.8
Short Blades   | 2 3 4 6 8 9 10 | 10.1
Shields        | 3 4 |  4.0
Dodging        | 7 9 10 11 | 11.7
Ice Magic      | 4 |  4.0
Spellcasting   | 4 |  4.0
Transmutations | 5 |  5.0
Invocations    | 1 |  1.3

Action                   |  1- 3 |  4- 6 |  7- 9 | 10-12 | 13-15 || total
-------------------------+-------+-------+-------+-------+-------++-------
Melee: Dagger            |   150 |   124 |   352 |   462 |   383 ||  1471
       Bite              |    16 |    12 |    34 |    30 |    44 ||   136
       Kick              |       |    17 |    50 |       |       ||    67
       Short sword       |       |       |       |       |    62 ||    62
       Scimitar          |       |       |       |       |     3 ||     3
Throw: Javelin           |     2 |       |     2 |     4 |     7 ||    15
 Cast: Corona            |     6 |       |       |       |       ||     6
       Ensorcelled Hiber |    12 |    22 |    97 |   153 |   128 ||   412
       Confuse           |       |    14 |    34 |    15 |    13 ||    76
       Dazzling Spray    |       |       |       |     3 |       ||     3
       Tukima's Dance    |       |       |       |     1 |       ||     1
       Confusing Touch   |       |       |       |       |    18 ||    18
       Yara's Violent Un |       |       |       |       |     1 ||     1
Evoke: Lamp of fire      |       |       |       |       |     1 ||     1
  Use: Potion            |       |     7 |     2 |    11 |     4 ||    24
       Scroll            |       |     7 |     6 |     3 |     7 ||    23
 Stab: Sleeping          |    18 |    26 |    85 |   141 |   128 ||   398
       Confused          |       |     3 |    20 |    15 |    26 ||    64
       Invisible         |       |     1 |       |       |       ||     1
       Distracted        |       |       |       |     2 |     1 ||     3
  Eat: Corpse            |       |       |       |     1 |       ||     1
Armor: Robe              |    53 |    21 |    58 |    61 |    49 ||   242
       Fire dragon scale |       |       |       |       |    34 ||    34
Dodge: Dodged            |    82 |    56 |   145 |   186 |   335 ||   804
Block: Buckler           |       |       |    23 |    60 |   107 ||   190
       Rpst.: Scimitar   |       |       |       |       |     3 ||     3

Table legend:
 A = Non-vault XP
 B = Vault XP
 C = Vault XP percentage of total XP
 D = Non-vault monster count
 E = Vault monster count
 F = Vault count percentage of total count
                 A         B        C        D         E       F
            +---------+---------+-------+---------+---------+-------
      Total |   56870 |   20652 |  26.6 |     473 |      91 |  16.1
            +---------+---------+-------+---------+---------+-------
        D:1 |      61 |       0 |   0.0 |      29 |       0 |   0.0
        D:2 |     132 |       0 |   0.0 |      23 |       0 |   0.0
        D:3 |      95 |     227 |  70.5 |      16 |       1 |   5.9
        D:4 |     298 |       0 |   0.0 |      12 |       0 |   0.0
        D:5 |    1023 |      52 |   4.8 |      27 |       1 |   3.6
        D:6 |     725 |     132 |  15.4 |      22 |       4 |  15.4
        D:7 |    1024 |       0 |   0.0 |      23 |       0 |   0.0
        D:8 |    1154 |     466 |  28.8 |      38 |       1 |   2.6
        D:9 |     941 |     469 |  33.3 |      18 |      17 |  48.6
       D:10 |    1987 |    4048 |  67.1 |      25 |      18 |  41.9
       D:11 |    5841 |     857 |  12.8 |      44 |       4 |   8.3
       D:12 |    6243 |    2260 |  26.6 |      22 |       1 |   4.3
     Lair:1 |    4112 |       0 |   0.0 |      20 |       0 |   0.0
     Lair:2 |    8082 |    1631 |  16.8 |      21 |      17 |  44.7
     Lair:3 |    5229 |       0 |   0.0 |      18 |       0 |   0.0
     Lair:4 |    2465 |       0 |   0.0 |      14 |       0 |   0.0
     Lair:5 |    5646 |     602 |   9.6 |      23 |       2 |   8.0
     Lair:6 |    9458 |    8723 |  48.0 |      27 |      22 |  44.9
      Orc:1 |    1353 |       0 |   0.0 |      29 |       0 |   0.0
      Orc:2 |    1001 |     439 |  30.5 |      22 |       1 |   4.3
    Volcano |       0 |     746 | 100.0 |       0 |       2 | 100.0
            +---------+---------+-------+---------+---------+-------
